[Event "*** SCC Grand Prix: Titled Tuesday Blitz"]
[Site "Chess.com"]
[Date "2020.07.07"]
[Round "6"]
[White "novocane"]
[Black "zajka-molotok"]
[Result "0-1"]
[WhiteElo "2259"]
[BlackElo "2421"]
[TimeControl "180+1"]
[EndTime "11:09:10 PDT"]
[Termination "zajka-molotok won by resignation"]

1. d4 d6 2. c4 e5 3. Nc3 exd4 4. Qxd4 Nc6 5. Qd2 Nf6 6. Nf3 g6 7. g3 Bg7 8. Bg2 O-O 9. O-O Be6 10. Nd5 Ne4 11. Qc2 Nc5 12. Bg5 f6 13. Be3 Bf5 14. Qc1 Be4 15. Rd1 Qc8 16. b4 Nd7 17. b5 Bxd5 18. Rxd5 Ne7 19. Rd1 f5 20. Nd4 Ne5 21. Rb1 Ng4 22. Bg5 Re8 23. h3 Nf6 24. Bh6 Bh8 25.
a4 Ne4 26. a5 c6 27. Bxe4 fxe4 28. g4 d5 29. bxc6 bxc6 30. cxd5 cxd5 31. Qd2 Qd7 32. Rdc1 Rec8 33. Bg5 Rxc1+ 34. Rxc1 Rc8 35. Rd1 Rc7 36. Nc2 Rc5 37. Ne3 Bg7 38. Bxe7 Qxe7 39. Nxd5 Qf7 40.
Ne3 Rc8 41. Qd7 Rf8 42. Qxf7+ Rxf7 43. Rd8+ Bf8 44. Nd5 Kg7 45. a6 Bc5 46. Rc8 Bxf2+ 47. Kg2 Bd4 48. Rc7 Rxc7 49. Nxc7 Kf7 50. Nb5 Bb6 51. Kg3 Ke6 52. Kf4 Kd5 53. Nc3+ Kc4 54. Nxe4 Kb5 55. Nf6 Kxa6 56. Nxh7 Kb5 57. Nf6 a5 58. Nd5 Bd4 59. Ke4 Kc4 60. e3 Bc5 61.
Nf4 a4 62. Nd3 a3 63. Nc1 Kc3 64. h4 Be7 65. h5 gxh5 66. gxh5 Bg5 67. Kf3 Bh6 68.
Ke2 Kc2 69. Na2 Kb3 70. Nc1+ Kb2 71. Kd1 Kb1 72. Nb3 Bxe3 73. Ke2 Bh6 74. Kd3 Kb2 75.
Kc4 a2 76. Kb4 Bg5 77. Kc4 Bh6 78. Kb4 Bf4 79. Kc4 Bd2 80. Nxd2 a1=Q 81. h6 Qc1+ 82. Kd3 Qc2+ 83. Ke2 Qh7 84. Ke1 Qxh6 85. Nc4+ Kc3 86.
Nd2 Qxd2+ 87. Kf1 Kd3 88. Kg1 Ke3 0-1

[Event "*** SCC Grand Prix: Titled Tuesday Blitz"]
[Site "Chess.com"]
[Date "2020.07.07"]
[Round "6"]
[White "ChessWarrior7197"]
[Black "SergeyKarjakin"]
[Result "0-1"]
[WhiteElo "2884"]
[BlackElo "2979"]
[TimeControl "180+1"]
[EndTime "11:09:18 PDT"]
[Termination "SergeyKarjakin won by resignation"]

1. e4 e5 2. Nf3 Nc6 3. Bb5 Nf6 4. d3 Bc5 5. c3 O-O 6. O-O d5 7. Nbd2 dxe4 8. dxe4 a5 9. Qe2 Qe7 10. Nb3 Bd6 11. Bg5 Nd8 12. Bc4 Ne6 13. Bxe6 Qxe6 14. Nbd2 b6 15. Rfd1 Ba6 16. Qe1 Nd7 17. b3 Nc5 18. c4 Bb7 19. Be3 f6 20. Bxc5 Bxc5 21. Nf1 Rfd8 22. Qe2 a4 23. Rab1 axb3 24. axb3 Bb4 25. Qc2 Qc6 26. Rd5 Qe8 27. Rxd8 Rxd8 28. Ne3 Bc5 29. Nd5 c6 30. Nc3 Bb4 31. Na2 Bf8 32.
Nc3 Qd7 33. Rd1 Qc7 34. h3 Rxd1+ 35. Qxd1 Bc8 36. Nh4 Be6 37. Nf5 g6 38. Ne3 Bc5 39. Qf3 Kg7 40. Ng4 Qe7 41. Qd3 h5 42. Ne3 Qd6 43.
Qxd6 Bxd6 44. Kf1 Kf7 45. Ke2 Ke7 46. Kd3 Bc5 47. f3 Kd6 48. Na4 Bd4 49. Nc3 Kc5 50.
Nc2 Bg1 51. b4+ Kd6 52. Na4 b5 53. Nb2 Kc7 54. cxb5 cxb5 55. Ne3 Kc6 56. Kd2 Bh2 57. Nd3 Kd6 58. Ke2 f5 59. Nc5 Bc8 60. Kf2 Bf4 61. h4 Bh6 62. g3 fxe4 63. Nxe4+ Kc6 64. Nc2 Bf8 65. Ke2 Be6 66. Nd2 Bd5 67. Kd3 Be7 68. Kc3 Kd7 69. Ne3 Bc6 70. Ne4 Ke6 71. Ng2 Bf8 72.
Ne1 Bd5 73. Nd3 Bc4 74. Nb2 Be2 75. Ng5+ Kd5 76. Kd2 Bf1 77. Kc3 Be7 78. Ne4 Be2 79.
Nd2 Bf6 80. Kc2 Kd4 81. Nd1 Bxd1+ 82. Kxd1 Be7 83. Ne4 Bxb4 84. Ng5 Be7 85. Ne6+ Ke3 86. g4 Kxf3 87. gxh5 gxh5 88. Ng7 Bxh4 89. Nxh5 e4 90. Ng7 e3 91. Nf5 e2+ 0-1

[Event "*** SCC Grand Prix: Titled Tuesday Blitz"]
[Site "Chess.com"]
[Date "2020.07.07"]
[Round "6"]
[White "KaterynaLagno"]
[Black "Gusarov91"]
[Result "0-1"]
[WhiteElo "2757"]
[BlackElo "2627"]
[TimeControl "180+1"]
[EndTime "11:09:24 PDT"]
[Termination "Gusarov91 won on time"]

1. e4 c6 2. d4 Na6 3. c3 Nc7 4. Nf3 d5 5. Nbd2 Bg4 6. Bd3 Bxf3 7. Nxf3 dxe4 8. Bxe4 Nf6 9. Bc2 e6 10. O-O Be7 11. Qe2 O-O 12. Ne5 Ncd5 13. Bd2 Rc8 14.
Rad1 b5 15. h4 Nd7 16. h5 Nxe5 17. Qxe5 Bd6 18. Qe4 Nf6 19. Qf3 Kh8 20. Bg5 Be7 21. Qd3 g6 22. hxg6 hxg6 23. Rfe1 Nh7 24. Bh6 Rg8 25.
Qf3 Bg5 26. Bxg5 Nxg5 27. Qf4 Kg7 28. Re5 Nh7 29. a4 a6 30. Rd3 Qf6 31. Qd2 Rh8 32. Rf3 Qe7 33. Qf4 Nf6 34. Qg5 Rh5 35. Qg3 Rch8 36.
Rxh5 Rxh5 37. Qb8 bxa4 38. Bxa4 c5 39. dxc5 Rxc5 40. Rh3 Nh5 41. Bd1 Rb5 42. Qc8 Qd6 43. Bxh5 Rxh5 44. Rxh5 Qd1+ 45. Kh2 Qxh5+ 46. Kg3 Qe5+ 47.
Kf3 Qf5+ 48. Ke3 Qg5+ 49. Ke2 Qb5+ 50. Ke3 Qxb2 51. c4 Qc3+ 52. Ke2 Qc2+ 53. Ke3 Qb3+ 54. Ke2 a5 55. c5 Qc4+ 56. Ke3 Qc3+ 57. Ke2 a4 58. c6 a3 59. Qa6 a2 60. Qxa2 Qxc6 61. Qb2+ Kh7 62. Qf6 Qb5+ 63. Ke1 Qb1+ 64. Ke2 Qe4+ 65.
Kf1 Qf5 66. Qh4+ Kg7 67. Qd4+ e5 68. Qd6 Qb1+ 69. Ke2 Qb5+ 70. Ke1 Qb2 71. g3 e4 72. Kf1 Qf6 73. Qd5 Qf5 74. Qd4+ Kh7 75. Ke1 Qf3 76. Qd5 Qh1+ 77. Ke2 Qf3+ 78. Ke1 Qf5 79. Qd4 g5 80.
Ke2 Kg6 81. Qd6+ f6 82. Qd8 Qf3+ 83. Ke1 Qc3+ 84. Ke2 Qc2+ 85. Ke1 Qc3+ 86. Ke2 Qc2+ 87. Ke1 Qb1+ 88. Ke2 Qb5+ 89. Ke1 Qc4 90. Qe8+ Kf5 91. Qd7+ Qe6 92. Qb5+ Kg6 93. Ke2 Qg4+ 94. Ke1 Qf3 95. Qd5 Qf5 96. Qg8+ Kh5 97. Qh8+ Kg4 98. Kf1 e3 99. f4 Kxg3 100. Ke2 Qxf4 101. Qh1 Qf2+ 102. Kd3 e2 0-1

[Event "*** SCC Grand Prix: Titled Tuesday Blitz"]
[Site "Chess.com"]
[Date "2020.07.07"]
[Round "6"]
[White "TamirNabaty"]
[Black "Orest_Vovk"]
[Result "1-0"]
[WhiteElo "2714"]
[BlackElo "2525"]
[TimeControl "180+1"]
[EndTime "11:11:50 PDT"]
[Termination "TamirNabaty won by resignation"]

1. Nf3 h6 2. g3 g5 3. Bg2 Bg7 4.
O-O c5 5. d4 g4 6. Ne5 d6 7. Nd3 Bxd4 8. e4 Nc6 9. c3 Bg7 10.
Na3 Nf6 11. Nc4 Be6 12. Ne3 Qd7 13. Nf4 Ne5 14. Nd3 Nxd3 15. Qxd3 h5 16. Nf5 Bxf5 17.
exf5 Bh6 18. Bxh6 Rxh6 19. Qe3 Rh8 20. Rfe1 O-O-O 21. Qxe7 Qxe7 22. Rxe7 Rd7 23. Rae1 Rhd8 24. R7e2 d5 25. Re5 Kc7 26. h3 gxh3 27. Bxh3 b6 28.
Bg2 d4 29. cxd4 cxd4 30. R5e2 d3 31. Rd2 Rd4 32. Bf3 R8d7 33. Rc1+ Kd6 34. Re1 Re7 35. Red1 Ke5 36. Rxd3 Rxd3 37. Rxd3 Kxf5 38. Kg2 Rc7 39. Rd8 Rc2 40. Ra8 Rxb2 41. Rxa7 Kg6 42. Kf1 Ng4 43.
Be2 Ne5 44. a4 f6 45. Rb7 Rb1+ 46. Kg2 Rb2 47. Bd1 Ng4 48. Bxg4 hxg4 49. a5 b5 50. a6 Ra2 51. a7 b4 52. Rxb4 Rxa7 53. Rxg4+ Kf5 54. Rb4 Kg6 55. Rf4 Ra5 56. Rf3 Ra4 57. Re3 Rb4 58. Kf3 Ra4 59. Re4 Ra3+ 60. Kf4 Ra1 61.
g4 Ra2 62. f3 Ra3 63. Rb4 Rc3 64. Rb6 Rc4+ 65. Kg3 Rc3 66. Kf2 Rc2+ 67. Ke3 Rc3+ 68. Kf4 Rc4+ 69. Kg3 Rc3 70. Rb4 Ra3 71. Kf4 Rc3 72. Rd4 Ra3 73. Ke4 Ra1 74. Rd6 Ra4+ 75. Ke3 Ra3+ 76. Kf2 Ra2+ 77. Kg3 Ra3 78. Rd4 Rb3 79.
Re4 Ra3 80. Kf2 Ra2+ 81. Re2 Ra3 82. f4 Rb3 83. Re3 Rb1 84. Kf3 Rf1+ 85. Kg3 Rg1+ 86. Kh3 Rf1 87. Re4 Rf3+ 88. Kg2 Ra3 89. Kf2 Ra2+ 90.
Kf3 Ra3+ 91. Re3 Ra1 92. Re6 Rf1+ 93. Kg3 Rg1+ 94. Kh3 Rf1 95. Re4 Rf3+ 96. Kg2 Ra3 97. Rb4 Ra2+ 98. Kf3 Ra3+ 99. Ke4 Ra2 100. Rb6 Ra4+ 101. Ke3 Ra3+ 102. Kf2 Ra4 103. Kg3 Ra3+ 104. Kh4 Ra4 105. f5+ Kg7 106. Kh5 Ra7 107. Rc6 Rd7 108. Ra6 Rc7 109. Kh4 Rb7 110. Kg3 Rb3+ 111. Kh4 Rb7 112. Re6 Ra7 113. Kg3 Ra3+ 114. Kf4 Ra4+ 115. Re4 Ra7 116. Rd4 Rb7 117. Ke4 Re7+ 118. Kd5 Kh6 119. Kd6 Re1 120. Kd5 Kg5 121. Kd6 Rg1 122. Ke6 Re1+ 123. Kf7 Ra1 124. Rd7 Ra6 125. Rd4 Ra7+ 126. Ke6 Ra6+ 127. Kd5 Ra5+ 128. Kc6 Ra6+ 129. Kc7 Ra7+ 130. Kd8 Ra1 131. Ke7 Ra7+ 132. Ke6 Ra6+ 133. Kd5 Ra5+ 134. Kc6 Re5 135. Kd6 Ra5 136. Re4 Ra6+ 137. Ke7 Ra7+ 138. Kf8 Rb7 139. Re7 Rb8+ 140. Kg7 Rb6 141. Kh7 Kxg4 142. Kg6 Kf4 143. Re6 Rb1 144. Ra6 Rg1+ 145. Kxf6 Kg4 146. Ra4+ Kh5 147. Kf7 Rb1 148. Ra7 Rb6 149. f6 Kh6 150. Ke7 Rb1 151. f7 Re1+ 152. Kf8 Rf1 153. Re7 Rb1 154. Kg8 Rg1+ 155. Kh8 Ra1 156. Re6+ Kg5 157. f8=Q Ra8 158. Qg8+ Kf5 159. Qxa8 Kxe6 160. Qf8 1-0

[Event "*** SCC Grand Prix: Titled Tuesday Blitz"]
[Site "Chess.com"]
[Date "2020.07.07"]
[Round "7"]
[White "ChessArchitect64"]
[Black "vugarrasulov"]
[Result "0-1"]
[WhiteElo "1876"]
[BlackElo "2802"]
[TimeControl "180+1"]
[EndTime "11:13:24 PDT"]
[Termination "vugarrasulov won by checkmate"]

1. d4 Nf6 2. Nf3 e6 3. Bg5 c5 4. Bxf6 Qxf6 5. e3 d5 6. Bd3 Nc6 7. c3 Bd7 8. O-O Bd6 9. Nbd2 cxd4 10. exd4 g5 11. Qe2 g4 12. Ne5 Nxe5 13. dxe5 Qxe5 14. Qxg4 Qxh2# 0-1

[Event "*** SCC Grand Prix: Titled Tuesday Blitz"]
[Site "Chess.com"]
[Date "2020.07.07"]
[Round "7"]
[White "2346PL"]
[Black "GEKKESPONS"]
[Result "1-0"]
[WhiteElo "2416"]
[BlackElo "2532"]
[TimeControl "180+1"]
[EndTime "11:13:32 PDT"]
[Termination "2346PL won by resignation"]

1. d4 d5 2. Nf3 Nf6 3. c3 e6 4. Bg5 Be7 5. e3 Nbd7 6. Bd3 c5 7. Nbd2 O-O 8. O-O b6 9. Qa4 Bb7 10. Ne5 Nxe5 11. dxe5 Nd7 12. Qh4 1-0

[Event "*** SCC Grand Prix: Titled Tuesday Blitz"]
[Site "Chess.com"]
[Date "2020.07.07"]
[Round "7"]
[White "DonBroca"]
[Black "Klaus1995"]
[Result "1-0"]
[WhiteElo "2127"]
[BlackElo "1866"]
[TimeControl "180+1"]
[EndTime "11:13:47 PDT"]
[Termination "DonBroca won by resignation"]

1. e4 c5 2. Nf3 d6 3. d4 cxd4 4.
Nxd4 Nf6 5. Nc3 a6 6. Bg5 e6 7.
f4 Be7 8. Qf3 Nbd7 9. O-O-O Qc7 10. Kb1 b5 11. e5 Bb7 12. Qg3 dxe5 13. fxe5 Qxe5 14. Bf4 Qf5 15. Nxf5 1-0

[Event "*** SCC Grand Prix: Titled Tuesday Blitz"]
[Site "Chess.com"]
[Date "2020.07.07"]
[Round "7"]
[White "volkanyirik"]
[Black "KingCrusher275"]
[Result "0-1"]
[WhiteElo "2241"]
[BlackElo "2427"]
[TimeControl "180+1"]
[EndTime "11:13:56 PDT"]
[Termination "KingCrusher275 won by resignation"]

1. e4 c5 2. Nc3 e6 3. Bc4 a6 4. a4 Nc6 5. d3 Nf6 6. Ba2 d5 7. exd5 exd5 8. Nge2 d4 9. Ne4 Nxe4 10. dxe4 Qh4 11.
Ng3 Bd6 12. O-O O-O 13. f4 Bg4 14. Qe1 Nb4 15. Bb3 c4 16. c3 Nd3 0-1

[Event "*** SCC Grand Prix: Titled Tuesday Blitz"]
[Site "Chess.com"]
[Date "2020.07.07"]
[Round "7"]
[White "kingofkolkata"]
[Black "Fusikk"]
[Result "1-0"]
[WhiteElo "2421"]
[BlackElo "2537"]
[TimeControl "180+1"]
[EndTime "11:14:04 PDT"]
[Termination "kingofkolkata won by resignation"]

1. d4 Nf6 2. c4 e6 3. g3 d5 4.
Nf3 c5 5. cxd5 exd5 6. Bg2 Nc6 7. Nc3 cxd4 8. Nxd4 Bc5 9. Be3 Ng4 10. Nxc6 Nxe3 11.
Nxd8 Nxd1 12. Rxd1 Kxd8 13. Rxd5+ 1-0

[Event "*** SCC Grand Prix: Titled Tuesday Blitz"]
[Site "Chess.com"]
[Date "2020.07.07"]
[Round "7"]
[White "Michaelson_11"]
[Black "ViktoriyaTarasova"]
[Result "1-0"]
[WhiteElo "2113"]
[BlackElo "2230"]
[TimeControl "180+1"]
[EndTime "11:14:18 PDT"]
[Termination "Michaelson_11 won by resignation"]

1. e4 c5 2. Nc3 d6 3. d4 cxd4 4.
Qxd4 Nf6 5. b3 Nc6 6. Qd2 e6 7.
Bb2 Be7 8. O-O-O O-O 9. f4 a6 10. g4 b5 11. g5 b4 12. gxf6 bxc3 13. Qxc3 Bxf6 14. Qxc6 Bxb2+ 15. Kxb2 Rb8 16. Qxd6 Qf6+ 17. e5 Qxf4 18. Qxb8 1-0

[Event "*** SCC Grand Prix: Titled Tuesday Blitz"]
[Site "Chess.com"]
[Date "2020.07.07"]
[Round "7"]
[White "Chess_Boxer123"]
[Black "rynos0411"]
[Result "1-0"]
[WhiteElo "2652"]
[BlackElo "2433"]
[TimeControl "180+1"]
[EndTime "11:14:21 PDT"]
[Termination "Chess_Boxer123 won by resignation"]

1. d4 Nf6 2. Bf4 c5 3. d5 e6 4. Nc3 a6 5. e4 exd5 6. e5 d4 7.
exf6 dxc3 8. Qe2+ Be7 9. fxe7 Qa5 10. b3 Nc6 11. Nf3 Qb4 12. Bd6 b6 13. a3 Qg4 14.
Ne5 Qxe2+ 15. Bxe2 Nxe5 16. Bxe5 Kxe7 17. Bf3 Ra7 18.
Bb8 1-0

[Event "*** SCC Grand Prix: Titled Tuesday Blitz"]
[Site "Chess.com"]
[Date "2020.07.07"]
[Round "7"]
[White "Th3_Hound"]
[Black "Harsha_Bharathakoti"]
[Result "0-1"]
[WhiteElo "2526"]
[BlackElo "2783"]
[TimeControl "180+1"]
[EndTime "11:14:50 PDT"]
[Termination "Harsha_Bharathakoti won by resignation"]

1. e4 c5 2. Nf3 d6 3. d4 cxd4 4. Nxd4 Nf6 5. Nc3 a6 6. Be3 e5 7. Nb3 Be6 8. f3 h5 9. Nd5 Bxd5 10. exd5 Nbd7 11. Qd2 Rc8 12. c4 g6 13. Be2 Bg7 14.
Rc1 O-O 15. O-O Re8 16. h3 b6 17. a4 a5 18. Na1 Nc5 19. Bxc5 bxc5 20. Nb3 Ra8 21.
Na1 h4 22. Nc2 Nh5 23. Na3 Nf4 24. Rfe1 Qg5 0-1

[Event "*** SCC Grand Prix: Titled Tuesday Blitz"]
[Site "Chess.com"]
[Date "2020.07.07"]
[Round "7"]
[White "Djager97"]
[Black "EnergeticHay"]
[Result "1-0"]
[WhiteElo "2389"]
[BlackElo "2239"]
[TimeControl "180+1"]
[EndTime "11:15:07 PDT"]
[Termination "Djager97 won by resignation"]

1. e4 c5 2. Nf3 d6 3. d4 cxd4 4. Nxd4 Nf6 5. Nc3 a6 6. Bg5 e6 7. f4 h6 8. Bh4 Be7 9. Qf3 Nbd7 10. O-O-O Qc7 11. Bd3 b5 12. g4 g5 13. fxg5 Ne5 14.
Qg3 Nfxg4 15. gxh6 Bxh4 16. Qxh4 Rxh6 17. Qg5 Rg6 18. Qh5 Rh6 19. Qg5 Rg6 20. Qh4 Rh6 21.
Qg3 Bb7 22. h3 Nf6 23. Qg7 Rg6 24. Nxe6 fxe6 25. Qxc7 1-0

[Event "*** SCC Grand Prix: Titled Tuesday Blitz"]
[Site "Chess.com"]
[Date "2020.07.07"]
[Round "7"]
[White "guillejr"]
[Black "sm_sharon"]
[Result "0-1"]
[WhiteElo "1948"]
[BlackElo "2174"]
[TimeControl "180+1"]
[EndTime "11:15:19 PDT"]
[Termination "sm_sharon won by resignation"]

1. e4 g6 2. d4 d6 3. Nf3 Bg7 4. Bd3 Nf6 5. h3 O-O 6. O-O Nbd7 7. c3 c5 8. Be3 cxd4 9. cxd4 e5 10. Nc3 Re8 11. dxe5 Nxe5 12. Nxe5 dxe5 13. Bb5 Bd7 14. Bxd7 Qxd7 15. Qxd7 Nxd7 16. Rfd1 Nf8 17. Rd7 Nxd7 0-1

[Event "*** SCC Grand Prix: Titled Tuesday Blitz"]
[Site "Chess.com"]
[Date "2020.07.07"]
[Round "7"]
[White "MacDaddyMac"]
[Black "secretsuperstar7"]
[Result "0-1"]
[WhiteElo "2287"]
[BlackElo "2136"]
[TimeControl "180+1"]
[EndTime "11:15:46 PDT"]
[Termination "secretsuperstar7 won by checkmate"]

1. e4 c5 2. Nc3 Nc6 3. f4 g6 4.
Nf3 Bg7 5. Bb5 d6 6. O-O Bd7 7. d3 Nf6 8. Qe1 O-O 9. Bxc6 Bxc6 10. Qh4 b5 11. f5 b4 12. Ne2 c4 13. Bh6 cxd3 14. cxd3 Bb5 15. Nf4 Qb6+ 16. Rf2 Bxh6 17. Qxh6 Qxf2+ 18. Kxf2 Ng4+ 19. Ke2 Nxh6 20. h3 gxf5 21.
g4 fxe4 22. Nd4 Bxd3+ 23. Ke3 e5 24. Nd5 exd4+ 25. Kxd4 Kg7 26. Rg1 Rac8 27. b3 Rfe8 28. Ne3 Ba6 29. h4 Rc3 30. Nc4 Rd3# 0-1

[Event "*** SCC Grand Prix: Titled Tuesday Blitz"]
[Site "Chess.com"]
[Date "2020.07.07"]
[Round "7"]
[White "JoliyRoger"]
[Black "FearNoEvil12"]
[Result "1-0"]
[WhiteElo "2251"]
[BlackElo "2038"]
[TimeControl "180+1"]
[EndTime "11:15:52 PDT"]
[Termination "JoliyRoger won by resignation"]

1. Nf3 b5 2. c4 bxc4 3. e4 Bb7 4. Nc3 e6 5. Bxc4 Nf6 6. e5 Ne4 7. O-O Nxc3 8. bxc3 Nc6 9. d4 Be7 10. Rb1 Rb8 11. Bf4 g5 12. Be3 g4 13. Nd2 h5 14.
Be2 Rg8 15. Qc2 Rg6 16. Rb3 Bg5 17. Bxg5 Qxg5 18. Ne4 Qf4 19. Rfb1 Nxd4 20. cxd4 Bxe4 21. Rxb8+ Ke7 22. Qc5+ 1-0

[Event "*** SCC Grand Prix: Titled Tuesday Blitz"]
[Site "Chess.com"]
[Date "2020.07.07"]
[Round "7"]
[White "comsac"]
[Black "natelleka"]
[Result "0-1"]
[WhiteElo "2232"]
[BlackElo "2119"]
[TimeControl "180+1"]
[EndTime "11:15:54 PDT"]
[Termination "natelleka won by checkmate"]

1. e4 e5 2. Nf3 Nf6 3. Nxe5 Nxe4 4. Qe2 Qe7 5. Qxe4 d6 6. d4 dxe5 7. Qxe5 Qxe5+ 8. dxe5 Bf5 9. c3 Nd7 10. f4 O-O-O 11.
Be3 f6 12. exf6 gxf6 13. Be2 Re8 14. Kf2 Be4 15. Bf3 f5 16. Nd2 Nf6 17. Bd4 Be7 18. Rhe1 Bxf3 19. Rxe7 Ng4+ 20. Kxf3 Rxe7 21. Bxh8 Re3# 0-1

[Event "*** SCC Grand Prix: Titled Tuesday Blitz"]
[Site "Chess.com"]
[Date "2020.07.07"]
[Round "7"]
[White "ElviraBerend"]
[Black "2008king"]
[Result "1-0"]
[WhiteElo "2431"]
[BlackElo "2258"]
[TimeControl "180+1"]
[EndTime "11:15:56 PDT"]
[Termination "ElviraBerend won by resignation"]

1. d4 d5 2. c4 c6 3. Nf3 Nf6 4. e3 e6 5. b3 Nbd7 6. Bd3 Bd6 7. O-O O-O 8. Bb2 Qe7 9. Nbd2 b6 10.
e4 dxe4 11. Nxe4 Nxe4 12. Bxe4 Bb7 13. Re1 Nf6 14. Bc2 c5 15. d5 Rad8 16. Qd3 g6 17. Qc3 1-0

[Event "*** SCC Grand Prix: Titled Tuesday Blitz"]
[Site "Chess.com"]
[Date "2020.07.07"]
[Round "7"]
[White "BocharovD"]
[Black "enzovsky"]
[Result "1-0"]
[WhiteElo "2760"]
[BlackElo "2480"]
[TimeControl "180+1"]
[EndTime "11:16:03 PDT"]
[Termination "BocharovD won by resignation"]

1. c4 g6 2. d4 Nf6 3. Nf3 Bg7 4.
g3 c6 5. Bg2 d5 6. Qb3 O-O 7. O-O Qb6 8. Nc3 Rd8 9. Bd2 dxc4 10.
Qxc4 Be6 11. Qd3 Na6 12. Rfd1 c5 13. Na4 Qc7 14. Bf4 Qd7 15. Nxc5 Nxc5 16. dxc5 Qa4 17. Qxd8+ Rxd8 18. Rxd8+ Ne8 19. b3 Qc6 20. Nd4 Qc8 1-0

[Event "*** SCC Grand Prix: Titled Tuesday Blitz"]
[Site "Chess.com"]
[Date "2020.07.07"]
[Round "7"]
[White "iaraldinho"]
[Black "kushagramohan"]
[Result "1-0"]
[WhiteElo "2567"]
[BlackElo "2693"]
[TimeControl "180+1"]
[EndTime "11:16:03 PDT"]
[Termination "iaraldinho won by resignation"]

1. e4 d6 2. d4 Nf6 3. Nc3 g6 4. f3 c6 5. Be3 b5 6. a3 Nbd7 7. Qd2 a5 8. g4 h5 9. g5 Nh7 10. h4 Rb8 11. d5 b4 12. axb4 axb4 13.
dxc6 bxc3 14. cxd7+ Bxd7 15. Qxc3 Rg8 16. Bc4 Bg7 17.
Bd4 Bxd4 18. Qxd4 Nf8 19. Ne2 Ne6 20. Bxe6 Bxe6 21. Kf2 Qc7 22. Ra7 Qc6 23. Rha1 Bd7 24. c4 e5 25. Qc3 Ke7 26. b4 Rgf8 27. c5 f5 28. R1a6 Qb5 29. cxd6+ Kd8 30. Qc7+ Ke8 31. Ra5 Qb6+ 1-0

[Event "*** SCC Grand Prix: Titled Tuesday Blitz"]
[Site "Chess.com"]
[Date "2020.07.07"]
[Round "7"]
[White "rugbyclub"]
[Black "pfalcon1949"]
[Result "0-1"]
[WhiteElo "2127"]
[BlackElo "1952"]
[TimeControl "180+1"]
[EndTime "11:16:04 PDT"]
[Termination "pfalcon1949 won by resignation"]

1. c4 Nf6 2. Nc3 c5 3. g3 d5 4.
cxd5 Nxd5 5. Bg2 Nc7 6. Nf3 Nc6 7. a3 e5 8. b4 cxb4 9. axb4 Bxb4 10. Nxe5 Bd7 11.
Nxc6 bxc6 12. Ba3 Bxa3 13. Rxa3 O-O 14. O-O a6 15. Qa1 Nb5 16. Ra5 Qb6 17. Rc1 Ra7 18. Ne4 Nd4 19. Bf1 Nb3 20. Rb1 Qxa5 0-1

[Event "*** SCC Grand Prix: Titled Tuesday Blitz"]
[Site "Chess.com"]
[Date "2020.07.07"]
[Round "7"]
[White "mjray79"]
[Black "RaphCamora"]
[Result "0-1"]
[WhiteElo "2320"]
[BlackElo "2462"]
[TimeControl "180+1"]
[EndTime "11:16:10 PDT"]
[Termination "RaphCamora won by resignation"]

1. d4 d5 2. c4 e6 3. Nf3 Nf6 4. g3 dxc4 5. Bg2 Bb4+ 6. Bd2 a5 7. O-O O-O 8. Qc2 Bxd2 9. Nbxd2 b5 10. b3 cxb3 11. Nxb3 Bb7 12. a4 b4 13. Nc5 Bxf3 14. Bxf3 Ra7 15. Rfd1 Nbd7 16. Nb3 Nd5 17. e4 Nc3 18.
Rd3 e5 19. dxe5 Qe7 20. Rd5 Nxd5 21. exd5 Nxe5 22. Be4 g6 23. Re1 Nf3+ 24. Bxf3 Qxe1+ 25. Kg2 Qc3 26. Qb1 Re8 27. Qa2 Re1 28. Nd2 Ra1 0-1

[Event "*** SCC Grand Prix: Titled Tuesday Blitz"]
[Site "Chess.com"]
[Date "2020.07.07"]
[Round "7"]
[White "Unknown_IM"]
[Black "Alexsur1981"]
[Result "1-0"]
[WhiteElo "2363"]
[BlackElo "2552"]
[TimeControl "180+1"]
[EndTime "11:16:14 PDT"]
[Termination "Unknown_IM won by checkmate"]

1. e4 a6 2. d4 b5 3. c3 Bb7 4.
Bd3 e6 5. Nf3 Nf6 6. Qe2 d5 7.
e5 Nfd7 8. O-O Be7 9. a4 b4 10. Nbd2 c5 11. Re1 c4 12. Bc2 b3 13. Bb1 a5 14.
Nf1 Nb6 15. Ng3 g6 16. Bh6 Bc6 17. h4 Nxa4 18. h5 Nb6 19. Nh2 a4 20. Ng4 N8d7 21. Qf3 Bg5 22. Bg7 Rg8 23. Nf6+ Nxf6 24. exf6 a3 25.
hxg6 hxg6 26. Bxg6 Rxg7 27. Rxe6+ Kd7 28. fxg7 fxe6 29.
Qf7+ Be7 30. Rxa3 Rxa3 31. bxa3 Na4 32. g8=Q Qxg8 33. Qxg8 Nxc3 34. Nh5 b2 35. Qe8+ Kd6 36.
Qb8+ Kd7 37. Be8# 1-0

[Event "*** SCC Grand Prix: Titled Tuesday Blitz"]
[Site "Chess.com"]
[Date "2020.07.07"]
[Round "7"]
[White "Paladin61"]
[Black "RodinMihail"]
[Result "1-0"]
[WhiteElo "2640"]
[BlackElo "2480"]
[TimeControl "180+1"]
[EndTime "11:16:23 PDT"]
[Termination "Paladin61 won by resignation"]

1. b3 d5 2. Bb2 c6 3. Nf3 Bg4 4. g3 Nd7 5. Bg2 Ngf6 6. O-O e6 7. h3 Bh5 8. d3 Bd6 9. Nbd2 O-O 10. e4 e5 11. Qe1 Re8 12. a3 a5 13. Nh4 Nf8 14. Nf5 Bc7 15. Nf3 N6d7 16. Kh1 f6 17. N3h4 Bf7 18. f4 exf4 19. gxf4 Ne6 20. Qg3 Ndf8 21. Nh6+ Kh8 22. Nxf7+ 1-0

[Event "*** SCC Grand Prix: Titled Tuesday Blitz"]
[Site "Chess.com"]
[Date "2020.07.07"]
[Round "7"]
[White "mortngabriel"]
[Black "PetrolulSah"]
[Result "1-0"]
[WhiteElo "2325"]
[BlackElo "2168"]
[TimeControl "180+1"]
[EndTime "11:16:23 PDT"]
[Termination "mortngabriel won by resignation"]

1. e4 e5 2. Nc3 Nf6 3. Bc4 Nxe4 4. Qh5 Nd6 5. Bb3 Be7 6. Qxe5 O-O 7. Nge2 Nc6 8. Qf4 Bf6 9. O-O Be5 10. Qg4 Ne8 11.
d4 d6 12. Qe4 Nf6 13. Qd3 Nb4 14. Qd2 Bxh2+ 15. Kxh2 Ng4+ 16. Kg1 Qh4 17. Qf4 a5 18. f3 a4 19. Nxa4 Re8 20. Qxf7+ 1-0

[Event "*** SCC Grand Prix: Titled Tuesday Blitz"]
[Site "Chess.com"]
[Date "2020.07.07"]
[Round "7"]
[White "PattyCastillo"]
[Black "isainz"]
[Result "0-1"]
[WhiteElo "1946"]
[BlackElo "2155"]
[TimeControl "180+1"]
[EndTime "11:16:29 PDT"]
[Termination "isainz won by checkmate"]

1. d4 Nf6 2. Nf3 g6 3. Nc3 Bg7 4. e4 d6 5. Be3 O-O 6. Qd2 c6 7.
O-O-O Nbd7 8. h4 b5 9. e5 dxe5 10. dxe5 Ng4 11. Bf4 Qb6 12. Ne4 Ndxe5 13. Nxe5 Nxe5 14.
h5 Bf5 15. f3 Rad8 16. Qe1 Rxd1+ 17. Qxd1 Rd8 18. Qe1 Qd4 19. hxg6 Nxf3 20. gxh7+ Kh8 21. Qc3 Qd1# 0-1

[Event "*** SCC Grand Prix: Titled Tuesday Blitz"]
[Site "Chess.com"]
[Date "2020.07.07"]
[Round "7"]
[White "Tactictic"]
[Black "Juanovic"]
[Result "1-0"]
[WhiteElo "2299"]
[BlackElo "2077"]
[TimeControl "180+1"]
[EndTime "11:16:30 PDT"]
[Termination "Tactictic won by resignation"]

1. e4 c5 2. Nf3 d6 3. d4 cxd4 4. Nxd4 Nf6 5. Nc3 g6 6. Be3 Bg7 7. f3 Nc6 8. Qd2 O-O 9. O-O-O d5 10. Kb1 e6 11. h4 Bd7 12. g4 h5 13. Bg5 e5 14. Nxc6 bxc6 15. exd5 cxd5 16. Nxd5 Be6 17. Bxf6 Bxf6 18. Nxf6+ Qxf6 19. gxh5 gxh5 20. Rg1+ Kh8 21. Rg5 Qh6 22. Rxe5 Qxd2 23. Rxh5+ Kg7 24. Rxd2 Rh8 25. Rxh8 Rxh8 26. Rd4 Kf6 27. b3 Ke5 28. Re4+ Kd5 29. Bc4+ 1-0

[Event "*** SCC Grand Prix: Titled Tuesday Blitz"]
[Site "Chess.com"]
[Date "2020.07.07"]
[Round "7"]
[White "Shield12"]
[Black "maciek_92"]
[Result "1-0"]
[WhiteElo "2837"]
[BlackElo "2675"]
[TimeControl "180+1"]
[EndTime "11:16:42 PDT"]
[Termination "Shield12 won by resignation"]

1. e4 c6 2. Nf3 d5 3. d3 Nf6 4.
e5 Nfd7 5. d4 e6 6. c3 c5 7. Bd3 Nc6 8. a3 Qb6 9. Bc2 a5 10. O-O h6 11. h4 Be7 12. h5 Qa6 13. Re1 b5 14. dxc5 Nxc5 15. Nd4 Nxd4 16. cxd4 Ne4 17. Bd3 Qb6 18. Be3 Bd7 19. Bxe4 dxe4 20.
d5 Qb7 21. d6 Bd8 22. Nc3 Bc6 23.
Qg4 Kf8 24. Bc5 Rc8 25. d7+ 1-0